 Dungeon Crawl Stone Soup version 0.25.0-11-g1f837a76a1 (console) character file.

Game seed: 188212353876325229

3145 bli the Carver (level 9, -1/71 HPs)
             Began as a Barachi Fighter on June 27, 2020.
             Was a Priest of Okawaru.
             Slain by a yak (6 damage)
             ... on level 7 of the Dungeon.
             The game lasted 00:38:44 (8619 turns).

bli the Carver (Barachi Fighter)                    Turns: 8619, Time: 00:38:45

Health: -1/71      AC: 18    Str: 17 (19) XL:     9   Next: 93%
Magic:  9/9        EV:  8    Int: 14 (15) God:    Okawaru [***...]
Gold:   300        SH: 11    Dex: 17 (19) Spells: 8/8 levels left

rFire    . . .     SeeInvis .   a - +0 long sword
rCold    . . .     Gourm    .   c - +0 kite shield
rNeg     . . .     Faith    .   O - +1 chain mail {rPois}
rPois    +         Spirit   .   u - +0 helmet
rElec    .         Reflect  .   s - +0 cloak
rCorr    .         Harm     .   j - +2 pair of gloves
MR       .....                  l - +0 pair of boots
Stlth    ..........             (no amulet)
HPRegen  0.21/turn              p - +6 ring of intelligence
MPRegen  0.11/turn              H - +6 ring of dexterity

@: slow
A: +LOS, swims, slowness 1, strong legs 1
a: Hop, Heroism, Renounce Religion


You were on level 7 of the Dungeon.
You worshipped Okawaru.
Okawaru was most pleased with you.
You were very hungry.

You visited 1 branch of the dungeon, and saw 7 of its levels.

You collected 300 gold pieces.

Inventory:

Hand Weapons
 a - a +0 long sword (weapon)
 i - a +2 dagger of speed
 y - a cursed -1 quarterstaff
 K - a +0 dagger of venom
Missiles
 e - 8 poisoned darts (quivered)
 w - 3 throwing nets
 G - 2 datura-tipped darts
 P - 2 javelins
Armour
 c - a +0 kite shield (worn)
 j - a +2 pair of gloves (worn)
 l - a +0 pair of boots (worn)
 m - +0 steam dragon scales
 s - a +0 cloak (worn)
 u - a +0 helmet (worn)
 C - a +0 buckler
 L - a +2 robe of magic resistance
 O - a +1 chain mail of poison resistance (worn)
Jewellery
 p - a +6 ring of intelligence (left hand)
 D - an uncursed ring of magical power
 E - an uncursed ring of protection from fire
 H - a +6 ring of dexterity (right hand)
 J - an uncursed ring of ice
 M - an uncursed ring of protection from fire
 N - an uncursed ring of positive energy
Wands
 b - a wand of polymorph (7)
 A - a wand of flame (10)
 I - a wand of random effects (12)
Scrolls
 n - a scroll of enchant armour
 t - a scroll of immolation
 v - 4 scrolls of teleportation
 x - 3 scrolls of amnesia
 Q - 2 scrolls of identify
Potions
 d - 2 potions of might
 g - 2 potions of haste {unknown}
 h - 2 potions of degeneration
 k - 2 potions of resistance
 o - 6 potions of curing
 q - 2 potions of heal wounds {unknown}
 r - a potion of flight {unknown}
 z - a potion of lignification {unknown}
 F - 2 potions of stabbing
 R - a potion of magic {unknown}
Comestibles
 f - 19 rations


   Skills:
 + Level 6.4 Fighting
 + Level 9.5 Long Blades
 + Level 5.0 Throwing
 + Level 6.8 Armour
 + Level 4.3 Dodging
 + Level 1.3 Stealth
 + Level 7.1 Shields
 + Level 0.3 Evocations


You had 8 spell levels left.
You didn't know any spells.
Your spell library was empty.

Dungeon Overview and Level Annotations

Branches:
Dungeon (7/15)             Temple (0/1) D:4

Altars:
Elyvilon
Gozag
Kikubaaqudgha
Nemelex Xobeh
Okawaru
Ru
Sif Muna
Vehumet
The Shining One

Annotations:
D:7 2 runed translucent doors


Innate Abilities, Weirdness & Mutations

You can be seen from farther away. (+LOS)
You can swim through water.
You cover ground slowly.
You can hop short distances.


Message History

* * * LOW HITPOINT WARNING * * *
The bullfrog skeleton hits the freed slave but does no damage.
The freed slave hits the bullfrog skeleton.
Found 5 datura-tipped darts.
The bullfrog skeleton hits the freed slave.
The freed slave hits the bullfrog skeleton.
The bullfrog skeleton hits the freed slave!
The yak snorts and paws the ground.
The yak gores you but does no damage.
You hit the yak but do no damage.
The yak is heavily wounded.
The freed slave hits the bullfrog skeleton.
The bullfrog skeleton closely misses the freed slave.
The yak gores you but does no damage.
You hit the yak but do no damage.
The yak is heavily wounded.
The bullfrog skeleton hits the freed slave but does no damage.
The freed slave hits the bullfrog skeleton.
The yak gores you.
You die...

#.# ####....###.##†##)##.##.#
#.#. ..#....##..#..##.##..# ...
#.#.......##.........#
.#####.##....#####...#########
.......#...###..#...#.#([.#..#
..####...###....#.#..##[)...#..#
..##...###....#.#...........##+##
#....###....#...#Z#.....##..#o..#
#..##.....#..p#.#p...8....#.#...#
#....###....#....Y#.....###.##+##
#......###....#.@.......(.#.##...
#.#......###......#..##()[#.# ###
#.###......###..#...#.#..[#.# #.#
###......#########...#### #.#
##......##.# ####.# #.#
###..#..#.## ##.# #+####
#...<.#.##.# #.## ......#
#....>...#.## ##.#..... ......#
#......#.##(# #.##..... ......#
#......#..#.###.#..... ......#
#......##.##.#.##....


You could see a yak, a bullfrog skeleton and 2 neutral freed slaves.

Vanquished Creatures
  Pikel (D:7)
  Maggie (D:7)
  An orc warrior (D:7)
  A phantom (D:4)
  2 ice beasts (D:5)
  An ogre (D:4)
  6 bullfrogs
  A gnoll sergeant (D:6)
  4 killer bees (D:7)
  A howler monkey (D:5)
  2 electric eels (D:6)
  2 crimson imps (D:6)
  A quasit (D:7)
  5 hounds
  2 bullfrog skeletons
  2 jellies
  5 orc wizards
  An orc priest (D:6)
  Crazy Yiuf (D:3)
  6 worker ants
  A hound skeleton (D:7)
  Robin (D:3)
  7 gnolls
  16 adders
  3 shadow imps
  3 oozes
  An adder zombie (D:7)
  An adder skeleton (D:5)
  5 dart slugs
  9 leopard geckos
  11 orcs
  10 bats
  8 giant cockroaches
  11 goblins
  12 hobgoblins
  13 jackals
  4 quokkas
  5 ball pythons (D:2)
  4 frilled lizards (D:1)
  10 kobolds
  A leopard gecko skeleton (D:4)
  A quokka skeleton (D:7)
  A quokka zombie (D:5)
  7 rats
191 creatures vanquished.

Vanquished Creatures (collateral kills)
  A hungry ghost (D:7)
  A quokka (D:7)
2 creatures vanquished.

Vanquished Creatures (others)
  An orc (D:6)
1 creature vanquished.

Grand Total: 194 creatures vanquished

Notes
Turn   | Place    | Note
-------+----------+-------------------------------------------
     0 | D:1      | bli the Barachi Fighter began the quest for the Orb.
     0 | D:1      | Reached XP level 1. HP: 18/18 MP: 1/1
    15 | D:1      | Reached XP level 2. HP: 5/25 MP: 2/2
   700 | D:1      | Reached XP level 3. HP: 30/30 MP: 3/3
  1189 | D:2      | Reached skill level 3 in Long Blades
  1222 | D:2      | Reached XP level 4. HP: 37/38 MP: 4/4
  1233 | D:2      | Found a sparkling altar of Nemelex Xobeh.
  1849 | D:2      | Reached XP level 5. HP: 40/43 MP: 5/5
  2016 | D:2      | Reached skill level 1 in Dodging
  2264 | D:2      | Reached skill level 1 in Throwing
  2356 | D:3      | Reached skill level 4 in Long Blades
  2436 | D:3      | Reached skill level 5 in Fighting
  2469 | D:3      | Noticed Robin
  2489 | D:3      | Killed Robin
  2489 | D:3      | Reached XP level 6. HP: 20/51 MP: 6/6
  3122 | D:3      | Found a runed translucent door.
  3123 | D:3      | Noticed Crazy Yiuf
  3132 | D:3      | Killed Crazy Yiuf
  3249 | D:3      | Found an iron altar of Okawaru.
  3258 | D:3      | Became a worshipper of Warmaster Okawaru
  3325 | D:3      | Reached skill level 5 in Long Blades
  3636 | D:4      | Found a staircase to the Ecumenical Temple.
  3907 | D:4      | Reached XP level 7. HP: 56/56 MP: 7/7
  3920 | D:4      | Reached skill level 5 in Armour
  4098 | D:4      | Found an opulent altar of Gozag.
  4098 | D:4      | Found a sacrificial altar of Ru.
  4129 | D:4      | Reached skill level 6 in Long Blades
  4685 | D:5      | Entered Level 5 of the Dungeon
  4732 | D:5      | Reached * piety under Okawaru
  4836 | D:5      | Reached skill level 5 in Shields
  4836 | D:5      | Reached XP level 8. HP: 63/63 MP: 8/8
  5084 | D:5      | Found a radiant altar of Vehumet.
  5234 | D:5      | Found a white marble altar of Elyvilon.
  5303 | D:5      | Reached skill level 7 in Long Blades
  5723 | D:6      | Reached ** piety under Okawaru
  6365 | D:6      | Found a shimmering blue altar of Sif Muna.
  6476 | D:6      | Identified the cursed +1 chain mail "Voinal" {+Blink rF+
                  | rN+ Str+4 Int-3}
  7201 | D:6      | Reached skill level 8 in Long Blades
  7201 | D:6      | Reached XP level 9. HP: 65/69 MP: 9/9
  7236 | D:6      | Reached skill level 1 in Stealth
  7776 | D:7      | Noticed Maggie
  7837 | D:7      | Killed Maggie
  8094 | D:7      | Found an ancient bone altar of Kikubaaqudgha.
  8138 | D:7      | Found a glowing golden altar of the Shining One.
  8212 | D:7      | Reached *** piety under Okawaru
  8212 | D:7      | Reached skill level 9 in Long Blades
  8426 | D:7      | Found a runed translucent door.
  8426 | D:7      | Found a runed translucent door.
  8484 | D:7      | Noticed Pikel
  8544 | D:7      | HP: 1/69 [killer bee (5)]
  8558 | D:7      | Killed Pikel
  8588 | D:7      | Reached skill level 5 in Throwing
  8619 | D:7      | Slain by a yak

Illustrated notes

Levels and vault maps discovered:
D:1:      wander_arrival_fairy_ring, layout_basic, minmay_pentomino_w2
D:2:      layout_loops_ring, nemelex_xobeh_ov_fountains_minmay,
          minmay_snake_closets
D:3:      layout_basic, kennysheep_okawaru_gauntlet, uniq_crazy_yiuf_cottage,
          uniq_robin
D:4:      layout_loops_ring, amethyst_overflow_temple_binary,
          minmay_temple_entry_nine_rooms
D:5:      layout_basic, lemuel_coloured_pillars_altar, first_ration,
          serial_bayou_ford_a, vehumet_altar_wand_db
D:6:      layout_basic, kennysheep_mini_moat, kennysheep_boxes
D:7:      minmay_the_grid_four_pointed_star
          [minmay_the_grid_triangle_9x9_thin_v,
          minmay_the_grid_triangle_9x9_tough_junction,
          minmay_the_grid_triangle_9x9_descending_squares,
          minmay_the_grid_triangle_9x9_negative_grid,
          minmay_the_grid_prize_big_room], layout_basic,
          overflow_temple_1_default, kiku_gazebo_garden_becter,
          nicolae_tso_carved_into_rock, uniq_maggie, uniq_pikel

Skill      XL: |  1  2  3  4  5  6  7  8  9 |
---------------+----------------------------+-----
Fighting       | 4 5 6 |  6.4
Armour         | 4 5 6 |  6.8
Long Blades    | 3 4 5 6 8 9 |  9.5
Shields        | 4 5 7 |  7.1
Dodging        | 1 3 4 |  4.3
Throwing       | 1 2 3 5 |  5.0
Stealth        | 1 |  1.3
Evocations     | |  0.3

Action                   |  1- 3 |  4- 6 |  7- 9 || total
-------------------------+-------+-------+-------++-------
Melee: Long sword        |   114 |   249 |   417 ||   780
       Unarmed           |       |       |    10 ||    10
Throw: Dart              |     2 |    64 |    99 ||   165
       Javelin           |       |       |     5 ||     5
       Throwing net      |       |       |     1 ||     1
Invok: Heroism           |       |       |     1 ||     1
 Abil: Hop               |     2 |       |       ||     2
Evoke: Wand              |       |       |     4 ||     4
  Use: Scroll            |       |       |     8 ||     8
       Potion            |       |       |     3 ||     3
 Stab: Confused          |       |       |     1 ||     1
       Sleeping          |       |       |     1 ||     1
       Held in net/web   |       |       |     1 ||     1
  Eat: Chunk             |     2 |    10 |    12 ||    24
       Ration            |       |       |     1 ||     1
Armor: Scale mail        |    77 |   140 |   104 ||   321
       Robe              |       |       |    21 ||    21
       Chain mail        |       |       |    83 ||    83
       Skin              |       |       |     1 ||     1
Dodge: Dodged            |    42 |    80 |   137 ||   259
Block: Kite shield       |    71 |   132 |   227 ||   430
       Rpst.: Long sword |    13 |    22 |    33 ||    68
